 Dungeon Crawl Stone Soup version 0.25.1-2-g60ff931df9 (webtiles) character file.

Game seed: 18383642006521966946

258 soggyman666 the Shield-Bearer (level 5, -7/47 HPs)
             Began as a Minotaur Fighter on Nov 4, 2020.
             Mangled by an ogre
             ... wielding a +0 giant club
              (16 damage)
             ... on level 4 of the Dungeon.
             The game lasted 00:08:41 (3117 turns).

soggyman666 the Shield-Bearer (Minotaur Fighter)    Turns: 3117, Time: 00:08:41

Health: -7/47      AC:  9    Str: 20    XL:     5   Next: 94%
Magic:  4/4        EV:  6    Int:  5    God:
Gold:   180        SH: 10    Dex: 11    Spells: 4/4 levels left

rFire    x . .     SeeInvis .   a - +1 war axe
rCold    + . .     Gourm    .   c - +0 kite shield
rNeg     . . .     Faith    .   o - +0 chain mail
rPois    .         Spirit   .   (helmet restricted)
rElec    .         Reflect  .   (no cloak)
rCorr    .         Harm     .   (no gloves)
MR       .....                  (no boots)
Stlth    ..........             (no amulet)
HPRegen  0.15/turn              j - ring of ice
MPRegen  0.09/turn              (no ring)

@: mighty
A: retaliatory headbutt, horns 2
a: no special abilities


You were on level 4 of the Dungeon.
You were not hungry.

You visited 1 branch of the dungeon, and saw 4 of its levels.

You collected 180 gold pieces.

Inventory:

Hand Weapons
 a - a +1 war axe (weapon)
Missiles
 e - 3 silver boomerangs (quivered)
Armour
 c - a +0 kite shield (worn)
 o - a +0 chain mail (worn)
Jewellery
 j - a ring of ice (left hand)
 p - an uncursed ring of flight
Scrolls
 g - a scroll of remove curse
 h - 2 scrolls of identify
Potions
 b - a potion of haste
 d - a potion of might
Comestibles
 f - 7 rations
 i - 4 chunks of flesh


   Skills:
 + Level 4.7 Fighting
 + Level 4.4 Axes
 * Level 0.8 Throwing
 + Level 4.9 Armour
 + Level 1.2 Dodging
 + Level 5.0 Shields


You had 4 spell levels left.
You didn't know any spells.
Your spell library was empty.

Dungeon Overview and Level Annotations

Branches:
Dungeon (4/15)
 Temple: D:4-7

Altars:
Qazlal
Uskayaw


Innate Abilities, Weirdness & Mutations

You reflexively headbutt those who attack you in melee.
You have a pair of horns on your head.


Message History

Okay, then.
There are no objects that can be picked up here. a giant cockroach corpse You feel very mighty all of a sudden.
The ogre hits you with a +0 giant club!
You slash the ogre!
The ogre is moderately wounded.
The ogre hits you with a +0 giant club.
* * * LOW HITPOINT WARNING * * *
Your shield and chain mail prevent you from hitting the ogre.
The ogre is moderately wounded.
You block the ogre's attack.
You barely miss the ogre.
The ogre is moderately wounded.
The ogre hits you with a +0 giant club.
* * * LOW HITPOINT WARNING * * *
You hit the ogre.
The ogre is heavily wounded.
The ogre hits you with a +0 giant club!
You die...

................ ........#
..........................#
...$......................##
...........................#
...........................####
.......>.....................#
...........................##
....................#
......O@.†.)........#
...........)).......##
............÷).......#
.....................#
.....................#
..###...............## .
.................>#
.................##
................##


You could see an ogre.

Vanquished Creatures
  An orc wizard (D:3)
  A worker ant (D:3)
  8 adders
  4 gnolls (D:4)
  An ooze (D:3)
  3 dart slugs
  2 leopard geckos
  8 orcs (D:3)
  11 bats
  5 giant cockroaches
  8 goblins
  8 hobgoblins
  7 jackals
  3 quokkas (D:3)
  2 frilled lizards
  2 kobolds
  2 rats
76 creatures vanquished.

Notes
Turn   | Place    | Note
-------+----------+-------------------------------------------
     0 | D:1      | soggyman666 the Minotaur Fighter began the quest for the
                  | Orb.
     0 | D:1      | Reached XP level 1. HP: 19/19 MP: 0/0
   243 | D:1      | Reached XP level 2. HP: 27/27 MP: 1/1
   418 | D:1      | Reached skill level 4 in Shields
   783 | D:2      | Reached XP level 3. HP: 30/33 MP: 2/2
   821 | D:2      | You fall into a shaft and drop 2 floors!
   825 | D:4      | Noticed an ogre
  1093 | D:2      | Reached XP level 4. HP: 38/40 MP: 3/3
  1975 | D:3      | Reached XP level 5. HP: 8/47 MP: 4/4
  2263 | D:3      | Reached skill level 1 in Dodging
  2367 | D:3      | Noticed a +0 dagger
  2368 | D:3      | Noticed a -3 dagger
  2372 | D:3      | Found a hide-covered altar of Uskayaw.
  2417 | D:3      | Found a stormy altar of Qazlal.
  2742 | D:3      | Reached skill level 5 in Shields
  3117 | D:4      | Mangled by an ogre

Illustrated notes

Levels and vault maps discovered:
D:1:      grunt_arrival_crossed_arrows, layout_basic, minmay_misc_feat_tower
D:2:      layout_loops_ring
D:3:      layout_loops_ring, lemuel_crystal_altar, dancing_weapons_uskayaw
D:4:      layout_layer_cave, lemuel_crystal_altar, first_ration,
          hangedman_abyss_or_decor_passed, st_stairs_12

Skill      XL: |  1  2  3  4  5 |
---------------+----------------+-----
Fighting       | 4 |  4.7
Shields        | 4 5 |  5.0
Armour         | 4 |  4.9
Axes           | 3 4 |  4.4
Dodging        | 1 |  1.2
Throwing       | |  0.8

Action                   |  1- 3 |  4- 6 || total
-------------------------+-------+-------++-------
Melee: War axe           |    69 |   155 ||   224
       Headbutt          |    11 |    21 ||    32
  Use: Scroll            |       |     7 ||     7
       Potion            |       |     1 ||     1
  Eat: Chunk             |     1 |     6 ||     7
Armor: Scale mail        |    43 |    19 ||    62
       Chain mail        |       |    89 ||    89
Dodge: Dodged            |    26 |    48 ||    74
Block: Kite shield       |    37 |   102 ||   139
